 Dungeon Crawl Stone Soup version 0.19-a0-1021-g80cc50c (webtiles) character file.

141 mistymad the Sneak (level 5, -3/26 HPs)
             Began as a Spriggan Assassin on July 27, 2016.
             Killed from afar by an orc wizard (8 damage)
             ... with a puff of flame
             ... on level 4 of the Dungeon.
             The game lasted 00:07:28 (2582 turns).

mistymad the Sneak (Spriggan Assassin)              Turns: 2582, Time: 00:07:29

Health: -3/26      AC:  3    Str:  7    XL:     5   Next: 3%
Magic:  6/6        EV: 19    Int: 13    God:
Gold:   146        SH:  0    Dex: 18    Spells: 0 memorised, 4 levels left

rFire  . . .     SeeInvis +     v - +3 blowgun
rCold  . . .     Gourm    .     c - +0 robe
rNeg   . . .     Faith    .     (shield restricted)
rPois  .         Spirit   .     (helmet restricted)
rElec  .         Dismiss  .     d - +0 cloak
rCorr  .         Reflect  .     (gloves unavailable)
SustAt .         Harm     .     (boots unavailable)
MR     .....                    (no amulet)
Stlth  ++++......               (no ring)
                                (no ring)

@: very quick, not resistant to hostile enchantments, stealthy
A: unfitting armour, see invisible, herbivore 3, speed 3, slow metabolism 2
a: no special abilities


You were on level 4 of the Dungeon.
You were not hungry.

You visited 1 branch of the dungeon, and saw 4 of its levels.

You collected 146 gold pieces.

Inventory:

Hand Weapons
 a - a +2 dagger
 v - a +3 blowgun (weapon)
Missiles
 e - 38 poisoned needles (quivered)
 o - 2 curare-tipped needles
Armour
 c - a +0 robe (worn)
 d - a +0 cloak (worn)
Scrolls
 k - a scroll of amnesia {unknown}
 l - 2 scrolls of enchant armour {unknown}
 m - 4 scrolls of remove curse {unknown}
 n - a scroll of immolation {unknown}
 p - 2 scrolls of recharging {unknown}
 q - a scroll of teleportation {unknown}
 s - 3 scrolls of identify {unknown}
 t - 4 scrolls of enchant weapon {unknown}
Potions
 f - 2 potions of magic {unknown}
 h - 3 potions of mutation {unknown}
 i - a potion of brilliance {unknown}
 j - a potion of ambrosia {unknown}
 r - a potion of cancellation {unknown}
 u - 2 potions of lignification {unknown}
Comestibles
 g - 3 bread rations


   Skills:
 + Level 1.9 Fighting
 + Level 3.7 Short Blades
 - Level 2.0 Throwing
 + Level 3.9 Dodging
 + Level 7.2 Stealth


You had 4 spell levels left.
You didn't know any spells.

Dungeon Overview and Level Annotations

Branches:
Dungeon (4/15)
 Temple: D:4-7

Altars:
Gozag
Hepliaklqana
Nemelex Xobeh


Innate Abilities, Weirdness & Mutations

You are tiny and cannot use many weapons and most armour.
You have supernaturally acute eyesight. (SInv)
You are a herbivore.
You cover ground extremely quickly.
You need consume almost no food.


Message History

Wield which item (- for none, * to show all)? (? for menu, Esc to quit)
v - a +3 blowgun (weapon)
Firing (i - inventory. (,) - cycle):
e - 40 poisoned needles (quivered)
Press: ? - help, Shift-Dir - straight line, f - orc wizard
Aim: an orc wizard, wielding a dagger and wearing a robe (almost dead)
You shoot a poisoned needle.
The poisoned needle hits the orc wizard.
The orc wizard is poisoned.
The orc wizard is almost dead.
The orc wizard casts a spell at you. The puff of flame misses you.
Firing (i - inventory. (,) - cycle):
e - 39 poisoned needles (quivered)
Press: ? - help, Shift-Dir - straight line, f/p - orc wizard
Aim: an orc wizard, wielding a dagger and wearing a robe (almost dead, poisoned)
You shoot a poisoned needle.
The poisoned needle hits the orc wizard.
The orc wizard is almost dead.
The orc wizard gestures at you while chanting.
The puff of flame hits you!
You die...

.# #.# #.# #.#
#####.# .....#
#.###o..#######
..
#.>...@........
.##........##.##
....#####.##.#
....# #....# .
..# #.#### #.#
#.# #.#####.#
#<......#
.........#.##.#


You could see an orc wizard.

Vanquished Creatures
  Jessica (D:2)
  4 adders
  2 worms
  2 dart slugs
  2 giant geckos
  10 orcs (D:3)
  3 bats
  5 giant cockroaches
  4 goblins
  5 hobgoblins
  2 quokkas
  A ball python (D:3)
  9 kobolds
  6 rats
56 creatures vanquished.

Notes
Turn   | Place    | Note
-------+----------+-------------------------------------------
     0 | D:1      | mistymad the Spriggan Assassin began the quest for the Orb.
     0 | D:1      | Reached XP level 1. HP: 10/10 MP: 2/2
    36 | D:1      | Reached skill level 6 in Stealth
   109 | D:1      | Reached XP level 2. HP: 9/14 MP: 3/3
   186 | D:1      | You fall through a shaft!
  1139 | D:2      | Reached XP level 3. HP: 9/18 MP: 4/4
  1185 | D:2      | Noticed Jessica
  1204 | D:2      | Killed Jessica
  1240 | D:2      | Reached XP level 4. HP: 15/22 MP: 5/5
  1404 | D:2      | Found a hazy altar of Hepliaklqana.
  1589 | D:3      | Reached skill level 7 in Stealth
  1917 | D:3      | Found a sparkling altar of Nemelex Xobeh.
  1918 | D:3      | Found an opulent altar of Gozag.
  2243 | D:3      | Reached XP level 5. HP: 11/26 MP: 6/6
  2582 | D:4      | Killed from afar by an orc wizard

Vault maps used:
D:1:      dpeg_arrival_long_road, minmay_misc_feat_nine_boxes,
          grunt_decor_arrowhead
D:2:      lemuel_round_altar, kennysheep_jessica_study
D:3:      grunt_temple_overflow_opulence, first_bread
D:4:      amethyst_overflow_temple_binary, serial_shops, shop,
          nicolae_shop_waterfront, nicolae_shop_overgrown_old_shop,
          kennysheep_generic_room_9

Skill      XL: |  1  2  3  4 |
---------------+-------------+-----
Stealth        | 6 7 |  7.2
Dodging        | 2 3 |  3.9
Short Blades   | 3 |  3.7
Fighting       | |  1.9
Throwing       | |  2.0

Action                   |  1- 3 |  4- 6 || total
-------------------------+-------+-------++-------
Melee: Dagger            |    61 |   124 ||   185
 Fire: Blowgun           |     6 |    37 ||    43
 Stab: Sleeping          |    15 |     6 ||    21
Armor: Robe              |     9 |     5 ||    14
Dodge: Dodged            |    26 |    90 ||   116
